 Dungeon Crawl Stone Soup version 0.18-a0-1343-g48c8f86 (webtiles) character file.

12409 namelastname112 the Destroyer (level 11, -9/74 HPs)
             Began as a Grey Draconian Conjurer on Feb 16, 2016.
             Was an Elder of Vehumet.
             Killed by divine providence
             ... invoked by an orc priest
              (12 damage)
             ... on level 11 of the Dungeon.
             The game lasted 00:27:38 (13616 turns).

namelastname112 the Destroyer (DrCj)               Turns: 13616, Time: 00:27:39

Health: -9/74      AC: 17    Str: 10 (11) XL:     11   Next: 62%
Magic:  11/24      EV: 12    Int: 19      God:    Vehumet [****..]
Gold:   604        SH:  0    Dex: 11      Spells: 4 memorised, 14 levels left

rFire  . . .     SeeInvis .     d - +0 dagger (venom)
rCold  . . .     Gourm    .     (armour unavailable)
rNeg   . . .     Faith    .     (no shield)
rPois  .         Spirit   .     (helmet restricted)
rElec  .         Dismiss  .     A - +1 cloak
rCorr  +         Reflect  .     (no gloves)
SustAt .         Harm     .     u - +2 pair of boots
MR     ++...                    (no amulet)
Stlth  +.........               K - ring of resist corrosion
                                G - ring of protection from magic

@: studying Crossbows, drained, very resistant to hostile enchantments, very
unstealthy
A: walk through water, unfitting armour, horns 1, deterioration 1, magic
resistance 1, screaming 1, wild magic 1, unbreathing, cold-blooded, AC +12
a: Renounce Religion


You were on level 11 of the Dungeon.
You worshipped Vehumet.
Vehumet was greatly pleased with you.
You were not hungry.

You visited 2 branches of the dungeon, and saw 12 of its levels.

You collected 707 gold pieces.
You spent 103 gold pieces at shops.

Inventory:

Hand Weapons
 d - a +0 dagger of venom (weapon)
Armour
 c - a +0 shield of protection
 u - a +2 pair of boots (worn)
 A - a +1 cloak (worn)
Magical Staves
 o - an uncursed staff of death
Jewellery
 g - an uncursed ring of flight
 h - an uncursed ring of ice
 G - a ring of protection from magic (left hand)
 K - a ring of resist corrosion (right hand)
 N - an uncursed ring of protection from fire {unknown}
Wands
 y - a wand of slowing (16/48)
 z - a wand of polymorph (18/24)
 E - a wand of lightning (5/15)
 H - a wand of enslavement (13/24)
Scrolls
 e - 4 scrolls of remove curse
 f - a scroll of identify
 k - 2 scrolls of enchant weapon
 l - a scroll of amnesia
 s - 2 scrolls of teleportation
 t - 2 scrolls of noise
 D - a scroll of magic mapping
 O - a scroll of fog {unknown}
Potions
 m - 6 potions of agility
 p - a potion of brilliance {unknown}
 x - 2 potions of cancellation
 B - a potion of flight {unknown}
 C - 4 potions of resistance
 J - a potion of berserk rage
 L - a potion of magic {unknown}
Books
 a - a book of Conjurations

   Spells                             Type                      Level
   a - Magic Dart                     Conjuration                  1
   b - Searing Ray                    Conjuration                  2
   c - Dazzling Spray                 Conjuration/Hexes            3
   d - Fulminant Prism                Conjuration/Hexes            4
   e - Iskenderun's Mystic Blast      Conjuration                  4
   f - Iskenderun's Battlesphere      Conjuration/Charms           5
 r - a book of Unlife

   Spells                             Type                      Level
   a - Recall                         Summoning/Translocation      3
   b - Animate Dead                   Necromancy                   4
   c - Control Undead                 Necromancy                   4
   d - Cigotuvi's Embrace             Necromancy                   5
   e - Death Channel                  Necromancy                   6
   f - Simulacrum                     Ice/Necromancy               6
 w - a Young Poisoner's Handbook

   Spells                             Type                      Level
   a - Sting                          Conjuration/Poison           1
   b - Cure Poison                    Poison                       2
   c - Mephitic Cloud                 Conjuration/Poison/Air       3
   d - Olgreb's Toxic Radiance        Poison                       4
   e - Venom Bolt                     Conjuration/Poison           5
 F - a book of the Earth

   Spells                             Type                      Level
   a - Leda's Liquefaction            Hexes/Earth                  4
   b - Bolt of Magma                  Conjuration/Fire/Earth       5
   c - Statue Form                    Transmutation/Earth          6
   d - Iron Shot                      Conjuration/Earth            6
   e - Shatter                        Earth                        9
 I - a book of Transfigurations

   Spells                             Type                      Level
   a - Irradiate                      Conjuration/Transmutation    5
   b - Statue Form                    Transmutation/Earth          6
   c - Hydra Form                     Transmutation                6
   d - Dragon Form                    Transmutation                7
 M - a book of Changes

   Spells                             Type                      Level
   a - Beastly Appendage              Transmutation                1
   b - Sticks to Snakes               Transmutation                2
   c - Spider Form                    Transmutation/Poison         3
   d - Ice Form                       Ice/Transmutation            4
   e - Blade Hands                    Transmutation                5
 P - a manual of Crossbows
Comestibles
 b - 6 bread rations
 j - 3 fruits
 n - 6 meat rations
 v - a royal jelly


   Skills:
 - Level 1.7(1.3) Dodging
 - Level 1.7(1.3) Stealth
 + Level 9.2(8.6) Spellcasting
 + Level 10.7(10.2) Conjurations
 - Level 9.1(8.6) Charms
 + Level 9.3(8.7) Earth Magic


You had 14 spell levels left.
You knew the following spells:

 Your Spells              Type           Power        Failure   Level  Hunger
a - Iskenderun's Battles  Conj/Chrm      ######..     3%          5    #####..
b - Iron Shot             Conj/Erth      ######....   13%         6    ######.
x - Searing Ray           Conj           ######       1%          2    None
z - Magic Dart            Conj           ####         1%          1    None


Dungeon Overview and Level Annotations

Branches:
Dungeon (11/15)            Temple (1/1) D:5            Lair (0/8) D:10
    Orc (0/2) D:10

Altars:
Ashenzari
Cheibriados
Dithmenos
Elyvilon
Fedhas
Gozag
Kikubaaqudgha
Makhleb
Nemelex Xobeh
Okawaru
Pakellas
Qazlal
Ru
Sif Muna
Trog
Vehumet
Xom
Yredelemnul
Zin
The Shining One

Shops:
D:5 %   D:7 [

Annotations:
D:4 eljoo's ghost, novice FoEE


Innate Abilities, Weirdness & Mutations

You can walk through water.
Your dull iron-grey scales are very hard (AC +12).
Your body does not fit into most forms of armour.
You can survive without breathing.
You are cold-blooded and may be slowed by cold attacks.
You have a pair of small horns on your head.
Your body sometimes deteriorates upon taking damage.
You are resistant to hostile enchantments.
You occasionally shout uncontrollably at your foes.
Your spells are a little harder to cast, but a little more powerful.


Message History

Something smites you!
* * * LOW HITPOINT WARNING * * *
The searing ray hits the centaur zombie.
The centaur zombie hits you but does no damage.
The centaur zombie hits you!
* * * LOW HITPOINT WARNING * * *
The searing ray hits the centaur zombie.
The centaur zombie hits you.
* * * LOW HITPOINT WARNING * * *
The searing ray hits the centaur zombie.
The searing ray hits the hippogriff.
The hippogriff is severely wounded.
The searing ray misses the giant frog skeleton.
The centaur zombie completely misses you.
The centaur zombie hits you.
* * * LOW HITPOINT WARNING * * *
The centaur zombie hits you but does no damage.
The orc priest mumbles some strange prayers to Beogh against you.
Something smites you!
You die...

....###)##...######.
#.##.FZ..# ...## #.##.###
.<###..#.. ...# #.##)# ##
..## #.#### ).[####.##.#
... #.. .##)..##
......#.##.# .. ##
#....#..# ...##)...).##.#
###...... ########......#
##.##..
#.#.#.###############.####
#........@Z.HZ.ol.).......
#....################.####
...(.....## #...#
#####....# #...# #......
#...# #.##.### ..... #.
..# .....# .. ..# .....o#
#. #.# .###...#


You could see a hippogriff, an iguana, an orc priest, a centaur zombie and a
giant frog skeleton.

Vanquished Creatures
  An unseen horror (D:11)
  4 hill giants
  An ugly thing (D:11)
  2 cyclopes (D:11)
  Psyche (D:11)
  A centaur skeleton (D:9)
  A troll (D:10)
  A vampire (D:11)
  11 yaks (D:9)
  2 hippogriffs
  A hungry ghost (D:11)
  Edmund (D:4)
  A soldier ant (D:11)
  A warg (D:6)
  8 orc warriors
  A phantom (D:6)
  2 sky beasts (D:8)
  2 ice beasts
  6 ogres
  A wasp (D:11)
  The ghost of namelastname112 the Conjurer, an amateur DrCj (D:3)
  5 centaurs
  3 big kobolds
  7 giant frogs
  2 wyvern zombies
  2 gnoll sergeants (D:10)
  4 scorpions
  5 killer bees (D:11)
  7 wights
  7 crimson imps
  A centaur zombie (D:6)
  3 hounds
  2 jellies
  8 orc priests
  8 orc wizards
  A giant frog skeleton (D:9)
  6 iguanas
  11 worker ants
  A sheep (D:11)
  A hound zombie (D:5)
  A hound skeleton (D:11)
  A worker ant zombie (D:9)
  5 gnolls
  7 adders
  A shadow imp (D:7)
  An ooze (D:3)
  2 adder skeletons
  2 worms
  9 giant geckos
  47 orcs
  10 giant cockroaches
  8 goblins
  8 hobgoblins
  18 jackals
  6 kobolds
  2 quokkas
  2 ball pythons
  7 bats
  A giant cockroach zombie (D:5)
  A giant gecko skeleton (D:6)
  A giant newt (D:7)
  A quokka skeleton (D:4)
  A quokka zombie (D:7)
  3 rats
  A spectral orc (D:3)
280 creatures vanquished.

Notes
Turn   | Place    | Note
--------------------------------------------------------------
     0 | D:1      | namelastname112 the Draconian Conjurer began the quest for the Orb.
     0 | D:1      | Reached XP level 1. HP: 14/14 MP: 3/3
   556 | D:1      | Reached XP level 2. HP: 20/20 MP: 0/5
   610 | D:1      | Learned a level 2 spell: Searing Ray
  1058 | D:2      | Reached XP level 3. HP: 19/26 MP: 0/7
  1209 | D:2      | Found a shadowy altar of Dithmenos.
  1210 | D:2      | Found a burning altar of Makhleb.
  1947 | D:3      | Reached XP level 4. HP: 33/33 MP: 5/8
  1965 | D:3      | Reached skill level 5 in Conjurations
  2029 | D:3      | Found an iron altar of Okawaru.
  2100 | D:3      | Found an opulent altar of Gozag.
  2115 | D:3      | Noticed a giant frog
  2170 | D:3      | Noticed namelastname112's ghost (amateur DrCj)
  2200 | D:2      | Killed a giant frog
  2200 | D:2      | Reached XP level 5. HP: 31/38 MP: 3/10
  2271 | D:3      | Killed namelastname112's ghost
  2620 | D:3      | Found a basalt altar of Yredelemnul.
  2848 | D:4      | Reached XP level 6. HP: 24/45 MP: 0/12
  3046 | D:4      | Reached skill level 6 in Conjurations
  3462 | D:4      | Noticed eljoo's ghost (novice FoEE)
  3519 | D:4      | Noticed Edmund
  3597 | D:4      | Killed Edmund
  3597 | D:4      | Reached skill level 5 in Spellcasting
  3915 | D:5      | Entered Level 5 of the Dungeon
  3932 | D:5      | Learned a level 5 spell: Iskenderun's Battlesphere
  3942 | D:5      | Found a staircase to the Ecumenical Temple.
  4024 | Temple   | Entered the Ecumenical Temple
  4108 | Temple   | Became a worshipper of Vehumet
  4207 | D:5      | Reached XP level 7. HP: 42/50 MP: 9/14
  4207 | D:5      | Your scales start taking on a dull iron-grey colour.
  4207 | D:5      | Gained mutation: You can survive without breathing. [Grey Draconian growth]
  4392 | D:5      | Reached skill level 1 in Charms
  4757 | D:5      | Reached skill level 7 in Conjurations
  4936 | D:5      | Learned a level 6 spell: Iron Shot
  4947 | D:5      | Found a deep blue altar of Sif Muna.
  4998 | D:5      | Found Qedowuef's Food Boutique.
  5173 | D:5      | Found a bloodstained altar of Trog.
  5391 | D:5      | Reached XP level 8. HP: 57/57 MP: 9/16
  5807 | D:6      | Reached skill level 1 in Earth Magic
  5825 | D:6      | Reached * piety under Vehumet
  5825 | D:6      | Offered knowledge of Sting by Vehumet.
  6437 | D:6      | Identified a scroll of acquirement
  7213 | D:7      | Found Ofet's Antique Armour Boutique.
  7216 | D:7      | Bought a pair of embroidered boots for 103 gold pieces
  7580 | D:7      | Found a shattered altar of Ashenzari.
  7694 | D:7      | Reached skill level 5 in Charms
  7817 | D:7      | Reached skill level 8 in Conjurations
  7868 | D:8      | Found a shimmering altar of Xom.
  7881 | D:8      | Reached XP level 9. HP: 62/62 MP: 12/18
  8077 | D:8      | Found a stormy altar of Qazlal.
  8162 | D:8      | Found an oddly glowing altar of Pakellas.
  8189 | D:8      | Reached ** piety under Vehumet
  8189 | D:8      | Offered knowledge of Throw Frost by Vehumet.
  8479 | D:8      | Gained mutation: You expend magic power (3 MP) to strengthen your wands. [mutagenic meat]
  8480 | D:8      | Gained mutation: You occasionally shout uncontrollably at your foes. [mutagenic meat]
  8481 | D:8      | Gained mutation: Your body sometimes deteriorates upon taking damage. [mutagenic meat]
  8482 | D:8      | Gained mutation: Your spells are a little harder to cast, but a little more powerful. [mutagenic meat]
  8765 | D:8      | Noticed a hill giant
  8778 | D:8      | Killed a hill giant
  9326 | D:8      | Found a sparkling altar of Nemelex Xobeh.
  9380 | D:8      | Reached skill level 5 in Earth Magic
  9503 | D:9      | Reached skill level 9 in Conjurations
  9505 | D:9      | Reached XP level 10. HP: 35/69 MP: 5/21
  9827 | D:9      | Found a snail-covered altar of Cheibriados.
  9944 | D:9      | Offered knowledge of Ignite Poison by Vehumet.
 10379 | D:9      | Reached *** piety under Vehumet
 10641 | D:9      | Found a glowing silver altar of Zin.
 10870 | D:10     | Entered Level 10 of the Dungeon
 11103 | D:10     | Found a staircase to the Orcish Mines.
 11108 | D:10     | Noticed a hill giant
 11529 | D:10     | Found a staircase to the Lair.
 11658 | D:10     | Lost mutation: You expend magic power (3 MP) to strengthen your wands. [potion of mutation]
 11658 | D:10     | Gained mutation: You are resistant to hostile enchantments. [potion of mutation]
 11658 | D:10     | Gained mutation: You have a pair of small horns on your head. [potion of mutation]
 11887 | D:10     | Offered knowledge of Conjure Flame by Vehumet.
 12132 | D:10     | Killed a hill giant
 12132 | D:10     | Reached XP level 11. HP: 46/74 MP: 15/23
 12571 | D:11     | Reached **** piety under Vehumet
 12619 | D:11     | Noticed a brown ugly thing
 12620 | D:11     | Reached skill level 10 in Conjurations
 12635 | D:11     | Killed a brown ugly thing
 12817 | D:11     | Noticed Psyche
 12821 | D:11     | Killed Psyche
 12858 | D:11     | Noticed a hill giant
 12860 | D:11     | Killed a hill giant
 12872 | D:11     | Offered knowledge of Sticky Flame by Vehumet.
 12989 | D:11     | Killed an unseen horror
 13055 | D:11     | Noticed a hill giant
 13065 | D:11     | Killed a hill giant
 13608 | D:11     | HP: 2/74 [centaur zombie (4)]
 13616 | D:11     | Killed from afar by an orc priest

Vault maps used:
D:1:      dpeg_arrival_court
D:2:      gammafunk_temple_overflow_pools, grunt_decor_arrowhead
D:3:      okawaru_metal_pillars_1_2, yredelemnul_forgotten_temple_becter,
          first_bread, grunt_gozag_statues
D:4:      uniq_edmund
D:5:      lemuel_blue_sif_altar, minmay_temple_entry_large_hall, serial_shops,
          kennysheep_mini_moat, trog_book
D:6:      kennysheep_minor_cross, kennysheep_generic_room_7
D:7:      kennysheep_little_box, serial_shops, shop_statue
D:8:      lemuel_crystal_altar, overflow_temple_1_default,
          nicolae_overflow_crystal_walls, basic_altar, hex_large
D:9:      cheibrodos_worm_habitat, lemuel_crystal_altar
D:10:     lair_0_dummy, kennysheep_orc_monster_closet_entryway
D:11:     uniq_psyche
Temple:   jpeg_temple_alley_garden_8

Action                   |  1- 3 |  4- 6 |  7- 9 | 10-12 || total
-------------------------+-------+-------+-------+-------++-------
Melee: Unarmed           |    27 |    14 |       |       ||    41
       Dagger            |       |     3 |    30 |   127 ||   160
       Flail             |       |     2 |    33 |       ||    35
 Cast: Magic Dart        |    74 |    92 |   171 |   106 ||   443
       Searing Ray       |       |    12 |    51 |    47 ||   110
       Iskenderun's Batt |       |       |     2 |    12 ||    14
       Iron Shot         |       |       |       |    10 ||    10
Evoke: Wand              |       |       |     3 |       ||     3
  Use: Scroll            |       |       |    20 |     3 ||    23
       Potion            |       |       |     7 |     4 ||    11
 Stab: Confused          |       |     1 |       |       ||     1
       Sleeping          |       |       |     1 |     1 ||     2
  Eat: Chunk             |     4 |     6 |    20 |    12 ||    42
       Beef jerky        |       |       |     1 |     2 ||     3
       Bread ration      |       |       |       |     1 ||     1
       Royal jelly       |       |       |       |     1 ||     1
